Workbook

Sheet Trajeto 1
C1: Planilha de Custos por km rodado
B4: TRAJETO 1
B7: DADOS DO TRAJETO
B9: Objeto: | D9: Trajeto 5 | F9: Total de Usuários: | I9: =28*3 -> 84
B10: Dias letivos no ano: | D10: 204 | F10: Quilometragem diária (km): | I10: =I12/I11 -> 68.054091
B11: Meses de Transporte: | D11: 10 | F11: Média de dias letivos mês: | I11: 22
B12: Média de dias letivos mês: | D12: 22 | F12: Quilometragem mensal (km): | I12: 1497.19
F13: Quilometragem anual (km): | I13: =I12*D11 -> 14971.9
B16: HORÁRIO
B18: Percurso diário | D18: Início | F18: Término | H18: Total (h)
B19: 1 - (ida - manhã) | D19: 0.26041667 | F19: 0.29513889 | H19: =F19-D19 -> 0.034722222
B20: 2 - (volta - noite) | D20: 0.47916667 | F20: 0.52777778 | H20: =F20-D20 -> 0.048611111
B21: 2 - (ida - tarde) | D21: 0.70833333 | F21: 0.77083333 | H21: =F21-D21 -> 0.0625
B22: 3 - (volta - noite) | H22: =F22-D22 -> 0
B23: 3 - (ida - tarde) | D23: 0.94791667 | F23: 0.98611111 | H23: =F23-D23 -> 0.038194444
B24: 4 - (volta - noite) | H24: =F24-D24 -> 0
B25: TOTAL ACUMULADO EFETIVO | H25: =SUM(H19:I24) -> 0.18402778 | L25: =60*4+25 -> 265
L26: =L25/60 -> 4.4166667
B27: Horas de percurso efetivo e disponível | G27: Taxa de uso efetivo
B28: Percurso efetivo (dia) | C28: Disponível (dia) | D28: Acumulado (dia) | G28: Horas mensais efetivo (h) | I28: =B34*22 -> 91.52
B29: =H19 -> 0.034722222 | D29: =C29+B29 -> 0.034722222 | G29: horas mensais disponível (h) | I29: =C34*22 -> 0
B30: =H20 -> 0.048611111 | D30: =C30+B30 -> 0.048611111 | G30: Total (Efetivo + Disponível) - (h) | I30: =I28+I29 -> 91.52
B31: =H21 -> 0.0625 | D31: =C31+B31 -> 0.0625 | G31: Máx. de horas mensais permitidas (h) | I31: 220
B32: =H22 -> 0 | D32: =C32+B32 -> 0 | G32: Descanso remunerado (25% do total) | I32: =I30*0.25 -> 22.88
B33: =H23 -> 0.038194444 | D33: =C33+B33 -> 0.038194444 | G33: Taxa de uso efetivo | I33: =((I30+I32)/I31) -> 0.52
B34: 4.16 | D34: =SUM(B34:C34) -> 4.16
B36: DADOS E CUSTOS DO VEÍCULO
B38: Dados sobre o veículo de referência
B39: Média preços veiculo de 28 lugares
B40: Capacidade mínima | E40: 28
B41: Combustível | E41: diesel
B42: Ano Modelo | E42: 0
B43: Valor do Veículo | E43: 0
B44: Depreciação por ano (sobre o valor atual) | E44: 0.1
B45: Valor residual | E45: =E43*0.9 -> 0
B46: Vida útil adotada | E46: 0
B47: Idade do veículo | E47: 0
B48: Anos para a depreciação total | E48: 0
B50: Quadro 1 - Despesas com manutenção
C51: Periodicidade | D51: Consumo por | E51: Valor | F51: Valor total | G51: Valor mensal
C52: da troca (km) | D52: troca | E52: unitário (R$) | F52: por troca (R$) | G52: (R$)
B53: Manutenção | C53: 20000 | D53: 1 | E53: 0 | F53: =E53*D53 -> 0 | G53: =F53/C53*I12 -> 0
B54: óleo motor (L) | C54: 20000 | D54: 12 | E54: 0 | F54: =E54*D54 -> 0 | G54: =F54/C54*I12 -> 0
B55: filtro de óleo (UN) | C55: 20000 | D55: 1 | E55: 0 | F55: =E55*D55 -> 0 | G55: =F55/C55*I12 -> 0
B56: óleo diferencial traseiro | C56: 60000 | D56: 4 | E56: 0 | F56: =E56*D56 -> 0 | G56: =F56/C56*I13 -> 0
B57: óleo de trasmissão (L) | C57: 60000 | D57: 2 | E57: 0 | F57: =E57*D57 -> 0 | G57: =F57/C57*I12 -> 0
B58: óleo hidráulico (L) | C58: 40000 | D58: 2 | E58: 0 | F58: =E58*D58 -> 0 | G58: =F58/C58*I12 -> 0
B59: produto anticor./anticong. | C59: 80000 | D59: 6 | E59: 0 | F59: =D59*E59 -> 0 | G59: =F59/C59*I12 -> 0
B60: Sist. Arrefecimento (L)
B61: Fluído de freios (L) | C61: 20000 | D61: 2 | E61: 0 | F61: =E61*D61 -> 0 | G61: =F61/C61*I12 -> 0
B62: Filtro de combustível (UN) | C62: 60000 | D62: 1 | E62: 0 | F62: =E62*D62 -> 0 | G62: =F62/C62*I12 -> 0
B63: Filtro do ar (UN) | C63: 20000 | D63: 1 | E63: 0 | F63: =E63*D63 -> 0 | G63: =F63/C63*I12 -> 0
B64: Pneus (UN) | C64: 25000 | D64: 4 | E64: 0 | F64: =E64*D64 -> 0 | G64: =F64/C64*I12 -> 0
B65: Disco tacógrafo | C65: cada 7 dias (3 un. mês) | D65: 1 | E65: 2.38 | F65: =E65*3 -> 7.14 | G65: =F65 -> 7.14
B66: TOTAL MENSAL | G66: =SUM(G53:G65) -> 7.14
B68: Quadro 2 - Despesas financeiras
B69: Item | C69: Taxa de uso | D69: Cota | E69: Valor | F69: Valor anual | G69: Valor mensal
C70: efetivo | D70: anual | E70: unitário (R$) | F70: (R$) | G70: (R$)
B71: Licenciamento | C71: 0 | D71: 1 | E71: 0 | F71: =E71 -> 0 | G71: =F71/12 -> 0
B72: DPVAT | C72: 0 | D72: 1 | E72: 0 | F72: 0 | G72: 0
B73: Aferição tacógrafo | C73: 0 | D73: 0.5 | E73: 0 | F73: =E73*D73 -> 0 | G73: =F73/12 -> 0
B74: Seguro | C74: 0 | D74: 1 | E74: 0 | F74: =E74 -> 0 | G74: =F74/12 -> 0
B75: Inspeção veícular | C75: 0 | D75: 2 | E75: 0 | F75: =E75*D75 -> 0 | G75: =F75/12 -> 0
B76: Depreciação anual | C76: =I33 -> 0.52 | D76: 0.1 | E76: 0 | F76: =E76*D76*C76 -> 0 | G76: =F76/12 -> 0
B77: Remun. Cap. ( selic. 2,0%) | C77: =C76 -> 0.52 | D77: 0.02 | E77: 0 | F77: =E77*D77*C77 -> 0 | G77: =F77/12 -> 0
B78: TOTAL MENSAL | G78: =SUM(G71:G77) -> 0
B80: Quadro 3 - Despesas com combustível | F80: Resumo despesas com veículo
B81: Preço p/ litro de combustível | D81: 0 | F81: Quadro 1 | G81: 0
B82: Consumo na cidade (km/L) | D82: 0 | F82: Quadro 2 | G82: =G78 -> 0
B83: Quantidade de litros (mês) | D83: 0 | F83: Quadro 3 | G83: =D84 -> 0
B84: TOTAL MENSAL | D84: =D83*D81 -> 0 | F84: TOTAL (MÊS) | G84: =SUM(G81:G83) -> 0
B86: DADOS E CUSTOS COM MOTORISTA
B88: Dados dos Recursos Humanos
B89: CCT-SINDITRANS | D89: 2021/2022
B90: Data-Base | D90: 44571
B91: Salário base motorista | D91: 0
B92: Salário mínimo nacional | D92: 0
B93: Intervalo intrajornada | D93: 0.083333333 | E93: Máximo/dia | F93: 0.16666667
B94: Horas noturnas | D94: 0 | E94: Horas extras
B95: Vales | C95: Nº | D95: Valor | E95: Desconto
B96: Alimentação | C96: 20 | D96: 0 | E96: 0.0507
B97: Plano de saúde | C97: 1 | D97: 0 | E97: 0.2
B99: Percentuais por tipo de desligamento | F99: Quadro 1 - Composição da Remuneração
B100: Sem justa causa indenizado | D100: 0.09 | F100: Salário-Base | H100: =D91 -> 0
B101: Sem justa causa trabalhado | D101: 0.11 | F101: Adicional Noturno
B102: Com justa causa | D102: 0.05 | F102: Adicional de Hora Noturna Reduzida
B103: TOTAL | D103: 0.25 | F103: Reflexos do NA no DSR | H103: 0
F104: TOTAL MENSAL QUADRO 1 | H104: 0
B106: Quadro 2 - Encargos e Benefícios Anuais, Mensais e Diários
B107: 13º Salário e Adicional de Férias
B108: 13 º | D108: 0.0833 | E108: =H104*D108 -> 0
B109: Férias | D109: 0.0833 | E109: =H104*D109 -> 0
B110: Adicional de Férias | C110: 0.3333 | D110: 0.0833 | E110: =H104*C110*D110 -> 0
B111: Total | E111: =SUM(E108:E110) -> 0
B112: Encargos Previdenciários, (FGTS) e outras contribuições
B113: Base de cálculo | C113: =H104+E111 -> 0 | D113: % | E113: R$
B114: INSS | D114: 0.2 | E114: =C113*D114 -> 0
B115: Salário Educação | D115: 0.025 | E115: =C113*D115 -> 0
B116: SAT | D116: 0.03 | E116: =C113*D116 -> 0
B117: SESC ou SESI | D117: 0.015 | E117: =C113*D117 -> 0
...

Sheet Trajeto 2
C1: Planilha de Custos por km rodado
B4: TRAJETO 2
B7: DADOS DO TRAJETO
B9: Objeto: | D9: Trajeto 5 | F9: Total de Usuários: | I9: 60
B10: Dias letivos no ano: | D10: 204 | F10: Quilometragem diária (km): | I10: =I12/I11 -> 78.37
B11: Meses de Transporte: | D11: 10 | F11: Média de dias letivos mês: | I11: 22
B12: Média de dias letivos mês: | D12: 22 | F12: Quilometragem mensal (km): | I12: 1724.14
F13: Quilometragem anual (km): | I13: =I12*D11 -> 17241.4
B16: HORÁRIO
B18: Percurso diário | D18: Início | F18: Término | H18: Total (h)
B19: 1 - (ida - manhã) | D19: 0.25 | F19: 0.29166667 | H19: =F19-D19 -> 0.041666667
B20: 2 - (volta - manhã) | D20: 0.47916667 | F20: 0.52083333 | H20: =F20-D20 -> 0.041666667 | L20: =4*60+10 -> 250
B21: 3 - (ida - tarde) | H21: =F21-D21 -> 0
B22: 4 - (volta - tarde) | H22: =F22-D22 -> 0
B23: 5 - (ida - noite) | D23: 0.70833333 | F23: 0.76041667 | H23: =F23-D23 -> 0.052083333
B24: 6 - (volta - noite) | D24: 0.94791667 | F24: 0.98611111 | H24: =F24-D24 -> 0.038194444
B25: TOTAL ACUMULADO EFETIVO | H25: =SUM(H19:I24) -> 0.17361111 | L25: =L20 -> 250
L26: =L25/60 -> 4.1666667
B27: Horas de percurso efetivo e disponível | G27: Taxa de uso efetivo
B28: Percurso efetivo (dia) | C28: Disponível (dia) | D28: Acumulado (dia) | G28: Horas mensais efetivo (h) | I28: =B34*22 -> 91.52
B29: =H19 -> 0.041666667 | C29: 0.034722222 | D29: =C29+B29 -> 0.076388889 | G29: horas mensais disponível (h) | I29: =C34*22 -> 55 | L29: =75/60 -> 1.25
B30: =H20 -> 0.041666667 | C30: 0.034722222 | D30: =C30+B30 -> 0.076388889 | G30: Total (Efetivo + Disponível) - (h) | I30: =I28+I29 -> 146.52
B31: =H21 -> 0 | D31: =C31+B31 -> 0 | G31: Máx. de horas mensais permitidas (h) | I31: 220
B32: =H22 -> 0 | D32: =C32+B32 -> 0 | G32: Descanso remunerado (25% do total) | I32: =I30*0.25 -> 36.63
B33: =H23 -> 0.052083333 | C33: 0.034722222 | D33: =C33+B33 -> 0.086805556 | G33: Taxa de uso efetivo | I33: =((I30+I32)/I31) -> 0.8325
B34: 4.16 | C34: 2.5 | D34: =SUM(B34:C34) -> 6.66
B36: DADOS E CUSTOS DO VEÍCULO
B38: Dados sobre o veículo de referência
B39: Média preços veiculo de 15 lugares
B40: Capacidade mínima | E40: 0
B41: Combustível | E41: diesel
B42: Ano Modelo | E42: 0
B43: Valor do Veículo | E43: 0
B44: Depreciação por ano (sobre o valor atual) | E44: 0.1
B45: Valor residual | E45: =E43*0.9 -> 0
B46: Vida útil adotada | E46: ='Trajeto 1'!E46 -> 0
B47: Idade do veículo | E47: ='Trajeto 1'!E47 -> 0
B48: Anos para a depreciação total | E48: ='Trajeto 1'!E48 -> 0
B50: Quadro 1 - Despesas com manutenção
C51: Periodicidade | D51: Consumo por | E51: Valor | F51: Valor total | G51: Valor mensal
C52: da troca (km) | D52: troca | E52: unitário (R$) | F52: por troca (R$) | G52: (R$)
B53: Manutenção | C53: 20000 | D53: 1 | E53: 0 | F53: =E53*D53 -> 0 | G53: =F53/C53*I12 -> 0
B54: óleo motor (L) | C54: 20000 | D54: 12 | E54: 0 | F54: =E54*D54 -> 0 | G54: =F54/C54*I12 -> 0
B55: filtro de óleo (UN) | C55: 20000 | D55: 1 | E55: 0 | F55: =E55*D55 -> 0 | G55: =F55/C55*I12 -> 0
B56: óleo diferencial traseiro | C56: 60000 | D56: 4 | E56: 0 | F56: =E56*D56 -> 0 | G56: =F56/C56*I13 -> 0
B57: óleo de trasmissão (L) | C57: 60000 | D57: 2 | E57: 0 | F57: =E57*D57 -> 0 | G57: =F57/C57*I12 -> 0
B58: óleo hidráulico (L) | C58: 40000 | D58: 2 | E58: 0 | F58: =E58*D58 -> 0 | G58: =F58/C58*I12 -> 0
B59: produto anticor./anticong. | C59: 80000 | D59: 6 | E59: 0 | F59: =D59*E59 -> 0 | G59: =F59/C59*I12 -> 0
B60: Sist. Arrefecimento (L)
B61: Fluído de freios (L) | C61: 20000 | D61: 2 | E61: 0 | F61: =E61*D61 -> 0 | G61: =F61/C61*I12 -> 0
B62: Filtro de combustível (UN) | C62: 60000 | D62: 1 | E62: 0 | F62: =E62*D62 -> 0 | G62: =F62/C62*I12 -> 0
B63: Filtro do ar (UN) | C63: 20000 | D63: 1 | E63: 0 | F63: =E63*D63 -> 0 | G63: =F63/C63*I12 -> 0
B64: Pneus (UN) | C64: 25000 | D64: 4 | E64: 0 | F64: =E64*D64 -> 0 | G64: =F64/C64*I12 -> 0
B65: Disco tacógrafo | C65: cada 7 dias (3 un. mês) | D65: 1 | E65: 0 | F65: =E65*3 -> 0 | G65: =F65 -> 0
B66: TOTAL MENSAL | G66: =SUM(G53:G65) -> 0
B68: Quadro 2 - Despesas financeiras
B69: Item | C69: Taxa de uso | D69: Cota | E69: Valor | F69: Valor anual | G69: Valor mensal
C70: efetivo | D70: anual | E70: unitário (R$) | F70: (R$) | G70: (R$)
B71: Licenciamento | C71: 0 | D71: 1 | E71: 0 | F71: =E71 -> 0 | G71: =F71/12 -> 0
B72: DPVAT | C72: 0 | D72: 1 | E72: 0 | F72: 0 | G72: 0
B73: Aferição tacógrafo | C73: 0 | D73: 0.5 | E73: 0 | F73: =E73*D73 -> 0 | G73: =F73/12 -> 0
B74: Seguro | C74: 0 | D74: 1 | E74: 0 | F74: =E74 -> 0 | G74: =F74/12 -> 0
B75: Inspeção veícular | C75: 0 | D75: 2 | E75: 0 | F75: =E75*D75 -> 0 | G75: =F75/12 -> 0
B76: Depreciação anual | C76: =I33 -> 0.8325 | D76: 0.1 | E76: 0 | F76: =E76*D76*C76 -> 0 | G76: =F76/12 -> 0
B77: Remun. Cap. ( selic. 2,0%) | C77: =C76 -> 0.8325 | D77: 0.02 | E77: 0 | F77: =E77*D77*C77 -> 0 | G77: =F77/12 -> 0
B78: TOTAL MENSAL | G78: =SUM(G71:G77) -> 0
B80: Quadro 3 - Despesas com combustível | F80: Resumo despesas com veículo
B81: Preço p/ litro de combustível | D81: 0 | F81: Quadro 1 | G81: =G66 -> 0
B82: Consumo na cidade (km/L) | D82: 0 | F82: Quadro 2 | G82: =G78 -> 0
B83: Quantidade de litros (mês) | D83: 0 | F83: Quadro 3 | G83: =D84 -> 0
B84: TOTAL MENSAL | D84: =D83*D81 -> 0 | F84: TOTAL (MÊS) | G84: =SUM(G81:G83) -> 0
B86: DADOS E CUSTOS COM MOTORISTA
B88: Dados dos Recursos Humanos
B89: CCT-SINDITRANS | D89: 2021/2022
B90: Data-Base | D90: 44571
B91: Salário base motorista | D91: 0
B92: Salário mínimo nacional | D92: 0
B93: Intervalo intrajornada | D93: 0.083333333 | E93: Máximo/dia | F93: 0.16666667
B94: Horas noturnas | D94: 0 | E94: Horas extras
B95: Vales | C95: Nº | D95: Valor | E95: Desconto
B96: Alimentação | C96: 20 | D96: 0 | E96: 0.0507
B97: Plano de saúde | C97: 1 | D97: 0 | E97: 0.2
B99: Percentuais por tipo de desligamento | F99: Quadro 1 - Composição da Remuneração
B100: Sem justa causa indenizado | D100: 0.09 | F100: Salário-Base | H100: =D91 -> 0
B101: Sem justa causa trabalhado | D101: 0.11 | F101: Adicional Noturno
B102: Com justa causa | D102: 0.05 | F102: Adicional de Hora Noturna Reduzida
B103: TOTAL | D103: 0.25 | F103: Reflexos do NA no DSR | H103: 0
F104: TOTAL MENSAL QUADRO 1 | H104: =SUM(H100:H103) -> 0
B106: Quadro 2 - Encargos e Benefícios Anuais, Mensais e Diários
B107: 13º Salário e Adicional de Férias
B108: 13 º | D108: 0.0833 | E108: =H104*D108 -> 0
B109: Férias | D109: 0.0833 | E109: =H104*D109 -> 0
B110: Adicional de Férias | C110: 0.3333 | D110: 0.0833 | E110: =H104*C110*D110 -> 0
B111: Total | E111: =SUM(E108:E110) -> 0
B112: Encargos Previdenciários, (FGTS) e outras contribuições
B113: Base de cálculo | C113: =H104+E111 -> 0 | D113: % | E113: R$
B114: INSS | D114: 0.2 | E114: =C113*D114 -> 0
B115: Salário Educação | D115: 0.025 | E115: =C113*D115 -> 0
B116: SAT | D116: 0.03 | E116: =C113*D116 -> 0
B117: SESC ou SESI | D117: 0.015 | E117: =C113*D117 -> 0
...

Sheet Trajeto 3
C1: Planilha de Custos por km rodado
B4: TRAJETO 5
B7: DADOS DO TRAJETO
B9: Objeto: | D9: Trajeto 5 | F9: Total de Usuários: | I9: =48*4 -> 192
B10: Dias letivos no ano: | D10: 204 | F10: Quilometragem diária (km): | I10: =I12/I11 -> 75.58
B11: Meses de Transporte: | D11: 10 | F11: Média de dias letivos mês: | I11: 22
B12: Média de dias letivos mês: | D12: 22 | F12: Quilometragem mensal (km): | I12: 1662.76
F13: Quilometragem anual (km): | I13: =I12*D11 -> 16627.6
B16: HORÁRIO
B18: Percurso diário | D18: Início | F18: Término | H18: Total (h)
B19: 1 - (ida - manhã) | D19: 0.25 | F19: 0.30208333 | H19: =F19-D19 -> 0.052083333
B20: 2 - (volta - manhã) | D20: 0.47222222 | F20: 0.53819444 | H20: =F20-D20 -> 0.065972222
B21: 3 - (ida - tarde) | H21: =F21-D21 -> 0
B22: 4 - (volta - noite) | D22: 0.94791667 | F22: 0.98611111 | H22: =F22-D22 -> 0.038194444
H23: =F23-D23 -> 0
H24: =F24-D24 -> 0
B25: TOTAL ACUMULADO EFETIVO | H25: =SUM(H19:I24) -> 0.15625 | L25: =60*3+45 -> 225
L26: =L25/60 -> 3.75
B27: Horas de percurso efetivo e disponível | G27: Taxa de uso efetivo
B28: Percurso efetivo (dia) | C28: Disponível (dia) | D28: Acumulado (dia) | G28: Horas mensais efetivo (h) | I28: =B34*22 -> 82.5
B29: =H19 -> 0.052083333 | C29: 0.020833333 | D29: =C29+B29 -> 0.072916667 | G29: horas mensais disponível (h) | I29: =C34*22 -> 33
B30: =H20 -> 0.065972222 | C30: 0.020833333 | D30: =C30+B30 -> 0.086805556 | G30: Total (Efetivo + Disponível) - (h) | I30: =I28+I29 -> 115.5
B31: =H21 -> 0 | D31: =C31+B31 -> 0 | G31: Máx. de horas mensais permitidas (h) | I31: 220
B32: =H22 -> 0.038194444 | C32: 0.020833333 | D32: =C32+B32 -> 0.059027778 | G32: Descanso remunerado (25% do total) | I32: =I30*0.25 -> 28.875
B33: =H23 -> 0 | D33: =C33+B33 -> 0 | G33: Taxa de uso efetivo | I33: =((I30+I32)/I31) -> 0.65625
B34: =L26 -> 3.75 | C34: 1.5 | D34: =SUM(B34:C34) -> 5.25
B36: DADOS E CUSTOS DO VEÍCULO
B38: Dados sobre o veículo de referência
B39: Média preços veiculo de 28 lugares
B40: Capacidade mínima | E40: 28
B41: Combustível | E41: diesel
B42: Ano Modelo | E42: 0
B43: Valor do Veículo | E43: 0
B44: Depreciação por ano (sobre o valor atual) | E44: 0
B45: Valor residual | E45: =E43*0.9 -> 0
B46: Vida útil adotada | E46: ='Trajeto 2'!E46 -> 0
B47: Idade do veículo | E47: ='Trajeto 2'!E47 -> 0
B48: Anos para a depreciação total | E48: ='Trajeto 2'!E48 -> 0
B50: Quadro 1 - Despesas com manutenção
C51: Periodicidade | D51: Consumo por | E51: Valor | F51: Valor total | G51: Valor mensal
C52: da troca (km) | D52: troca | E52: unitário (R$) | F52: por troca (R$) | G52: (R$)
B53: Manutenção | C53: 20000 | D53: 1 | E53: 0 | F53: =E53*D53 -> 0 | G53: =F53/C53*I12 -> 0
B54: óleo motor (L) | C54: 20000 | D54: 12 | E54: 0 | F54: =E54*D54 -> 0 | G54: =F54/C54*I12 -> 0
B55: filtro de óleo (UN) | C55: 20000 | D55: 1 | E55: 0 | F55: =E55*D55 -> 0 | G55: =F55/C55*I12 -> 0
B56: óleo diferencial traseiro | C56: 60000 | D56: 4 | E56: 0 | F56: =E56*D56 -> 0 | G56: =F56/C56*I13 -> 0
B57: óleo de trasmissão (L) | C57: 60000 | D57: 2 | E57: 0 | F57: =E57*D57 -> 0 | G57: =F57/C57*I12 -> 0
B58: óleo hidráulico (L) | C58: 40000 | D58: 2 | E58: 0 | F58: =E58*D58 -> 0 | G58: =F58/C58*I12 -> 0
B59: produto anticor./anticong. | C59: 80000 | D59: 6 | E59: 0 | F59: =D59*E59 -> 0 | G59: =F59/C59*I12 -> 0
B60: Sist. Arrefecimento (L)
B61: Fluído de freios (L) | C61: 20000 | D61: 2 | E61: 0 | F61: =E61*D61 -> 0 | G61: =F61/C61*I12 -> 0
B62: Filtro de combustível (UN) | C62: 60000 | D62: 1 | E62: 0 | F62: =E62*D62 -> 0 | G62: =F62/C62*I12 -> 0
B63: Filtro do ar (UN) | C63: 20000 | D63: 1 | E63: 0 | F63: =E63*D63 -> 0 | G63: =F63/C63*I12 -> 0
B64: Pneus (UN) | C64: 25000 | D64: 4 | E64: 0 | F64: =E64*D64 -> 0 | G64: =F64/C64*I12 -> 0
B65: Disco tacógrafo | C65: cada 7 dias (3 un. mês) | D65: 1 | E65: 0 | F65: =E65*3 -> 0 | G65: =F65 -> 0
B66: TOTAL MENSAL | G66: =SUM(G53:G65) -> 0
B68: Quadro 2 - Despesas financeiras
B69: Item | C69: Taxa de uso | D69: Cota | E69: Valor | F69: Valor anual | G69: Valor mensal
C70: efetivo | D70: anual | E70: unitário (R$) | F70: (R$) | G70: (R$)
B71: Licenciamento | C71: 0 | D71: 1 | E71: 0 | F71: =E71 -> 0 | G71: =F71/12 -> 0
B72: DPVAT | C72: 0 | D72: 1 | E72: 0 | F72: 0 | G72: 0
B73: Aferição tacógrafo | C73: 0 | D73: 0.5 | E73: 0 | F73: =E73*D73 -> 0 | G73: =F73/12 -> 0
B74: Seguro | C74: 0 | D74: 1 | E74: 0 | F74: =E74 -> 0 | G74: =F74/12 -> 0
B75: Inspeção veícular | C75: 0 | D75: 2 | E75: 0 | F75: =E75*D75 -> 0 | G75: =F75/12 -> 0
B76: Depreciação anual | C76: =I33 -> 0.65625 | D76: 0.1 | E76: =E43 -> 0 | F76: =E76*D76*C76 -> 0 | G76: =F76/12 -> 0
B77: Remun. Cap. ( selic. 2,0%) | C77: =C76 -> 0.65625 | D77: 0.02 | E77: =E45 -> 0 | F77: =E77*D77*C77 -> 0 | G77: =F77/12 -> 0
B78: TOTAL MENSAL | G78: =SUM(G71:G77) -> 0
B80: Quadro 3 - Despesas com combustível | F80: Resumo despesas com veículo
B81: Preço p/ litro de combustível | D81: 0 | F81: Quadro 1 | G81: =G66 -> 0
B82: Consumo na cidade (km/L) | D82: 0 | F82: Quadro 2 | G82: =G78 -> 0
B83: Quantidade de litros (mês) | D83: 0 | F83: Quadro 3 | G83: =D84 -> 0
B84: TOTAL MENSAL | D84: =D83*D81 -> 0 | F84: TOTAL (MÊS) | G84: =SUM(G81:G83) -> 0
B86: DADOS E CUSTOS COM MOTORISTA
B88: Dados dos Recursos Humanos
B89: CCT-SINDITRANS | D89: 2021/2022
B90: Data-Base | D90: 44571
B91: Salário base motorista | D91: 0
B92: Salário mínimo nacional | D92: 0
B93: Intervalo intrajornada | D93: 0.083333333 | E93: Máximo/dia | F93: 0.16666667
B94: Horas noturnas | D94: 0 | E94: Horas extras
B95: Vales | C95: Nº | D95: Valor | E95: Desconto
B96: Alimentação | C96: 20 | D96: 0 | E96: 0.0507
B97: Plano de saúde | C97: 1 | D97: 0 | E97: 0.2
B99: Percentuais por tipo de desligamento | F99: Quadro 1 - Composição da Remuneração
B100: Sem justa causa indenizado | D100: 0.09 | F100: Salário-Base | H100: =D91 -> 0
B101: Sem justa causa trabalhado | D101: 0.11 | F101: Adicional Noturno
B102: Com justa causa | D102: 0.05 | F102: Adicional de Hora Noturna Reduzida
B103: TOTAL | D103: 0.25 | F103: Reflexos do NA no DSR | H103: 0
F104: TOTAL MENSAL QUADRO 1 | H104: =SUM(H100:H103) -> 0
B106: Quadro 2 - Encargos e Benefícios Anuais, Mensais e Diários
B107: 13º Salário e Adicional de Férias
B108: 13 º | D108: 0.0833 | E108: =H104*D108 -> 0
B109: Férias | D109: 0.0833 | E109: =H104*D109 -> 0
B110: Adicional de Férias | C110: 0.3333 | D110: 0.0833 | E110: =H104*C110*D110 -> 0
B111: Total | E111: =SUM(E108:E110) -> 0
B112: Encargos Previdenciários, (FGTS) e outras contribuições
B113: Base de cálculo | C113: =H104+E111 -> 0 | D113: % | E113: R$
B114: INSS | D114: 0.2 | E114: =C113*D114 -> 0
B115: Salário Educação | D115: 0.025 | E115: =C113*D115 -> 0
B116: SAT | D116: 0.03 | E116: =C113*D116 -> 0
B117: SESC ou SESI | D117: 0.015 | E117: =C113*D117 -> 0
...

Sheet Trajeto 4
C1: Planilha de Custos por km rodado
B4: TRAJETO 5
B7: DADOS DO TRAJETO
B9: Objeto: | D9: Trajeto 5 | F9: Total de Usuários: | I9: =48*4 -> 192
B10: Dias letivos no ano: | D10: 204 | F10: Quilometragem diária (km): | I10: =I12/I11 -> 116.31818
B11: Meses de Transporte: | D11: 10 | F11: Média de dias letivos mês: | I11: 22
B12: Média de dias letivos mês: | D12: 22 | F12: Quilometragem mensal (km): | I12: 2559
F13: Quilometragem anual (km): | I13: =I12*D11 -> 25590
B16: HORÁRIO
B18: Percurso diário | D18: Início | F18: Término | H18: Total (h)
B19: 1 - (ida - manhã) | D19: 0.25 | F19: 0.30208333 | H19: =F19-D19 -> 0.052083333
B20: 2 - (volta - manhã) | D20: 0.47222222 | F20: 0.53819444 | H20: =F20-D20 -> 0.065972222
B21: 3 - (ida - tarde) | H21: =F21-D21 -> 0
B22: 4 - (volta - noite) | D22: 0.94791667 | F22: 0.98611111 | H22: =F22-D22 -> 0.038194444
H23: =F23-D23 -> 0
H24: =F24-D24 -> 0
B25: TOTAL ACUMULADO EFETIVO | H25: =SUM(H19:I24) -> 0.15625 | L25: =60*3+45 -> 225
L26: =L25/60 -> 3.75
B27: Horas de percurso efetivo e disponível | G27: Taxa de uso efetivo
B28: Percurso efetivo (dia) | C28: Disponível (dia) | D28: Acumulado (dia) | G28: Horas mensais efetivo (h) | I28: =B34*22 -> 75.9
B29: =H19 -> 0.052083333 | C29: 0.020833333 | D29: =C29+B29 -> 0.072916667 | G29: horas mensais disponível (h) | I29: =C34*22 -> 33
B30: =H20 -> 0.065972222 | C30: 0.020833333 | D30: =C30+B30 -> 0.086805556 | G30: Total (Efetivo + Disponível) - (h) | I30: =I28+I29 -> 108.9
B31: =H21 -> 0 | D31: =C31+B31 -> 0 | G31: Máx. de horas mensais permitidas (h) | I31: 220
B32: =H22 -> 0.038194444 | C32: 0.020833333 | D32: =C32+B32 -> 0.059027778 | G32: Descanso remunerado (25% do total) | I32: =I30*0.25 -> 27.225
B33: =H23 -> 0 | D33: =C33+B33 -> 0 | G33: Taxa de uso efetivo | I33: =((I30+I32)/I31) -> 0.61875
B34: 3.45 | C34: 1.5 | D34: =SUM(B34:C34) -> 4.95
B36: DADOS E CUSTOS DO VEÍCULO
B38: Dados sobre o veículo de referência
B39: Média preços veiculo de 28 lugares
B40: Capacidade mínima | E40: 28
B41: Combustível | E41: diesel
B42: Ano Modelo | E42: 0
B43: Valor do Veículo | E43: 0
B44: Depreciação por ano (sobre o valor atual) | E44: 0.1
B45: Valor residual | E45: =E43*0.9 -> 0
B46: Vida útil adotada | E46: 0
B47: Idade do veículo | E47: 0
B48: Anos para a depreciação total | E48: 0
B50: Quadro 1 - Despesas com manutenção
C51: Periodicidade | D51: Consumo por | E51: Valor | F51: Valor total | G51: Valor mensal
C52: da troca (km) | D52: troca | E52: unitário (R$) | F52: por troca (R$) | G52: (R$)
B53: Manutenção | C53: 20000 | D53: 1 | E53: 0 | F53: =E53*D53 -> 0 | G53: =F53/C53*I12 -> 0
B54: óleo motor (L) | C54: 20000 | D54: 12 | E54: 0 | F54: =E54*D54 -> 0 | G54: =F54/C54*I12 -> 0
B55: filtro de óleo (UN) | C55: 20000 | D55: 1 | E55: 0 | F55: =E55*D55 -> 0 | G55: =F55/C55*I12 -> 0
B56: óleo diferencial traseiro | C56: 60000 | D56: 4 | E56: 0 | F56: =E56*D56 -> 0 | G56: =F56/C56*I13 -> 0
B57: óleo de trasmissão (L) | C57: 60000 | D57: 2 | E57: 0 | F57: =E57*D57 -> 0 | G57: =F57/C57*I12 -> 0
B58: óleo hidráulico (L) | C58: 40000 | D58: 2 | E58: 0 | F58: =E58*D58 -> 0 | G58: =F58/C58*I12 -> 0
B59: produto anticor./anticong. | C59: 80000 | D59: 6 | E59: 0 | F59: =D59*E59 -> 0 | G59: =F59/C59*I12 -> 0
B60: Sist. Arrefecimento (L)
B61: Fluído de freios (L) | C61: 20000 | D61: 2 | E61: 0 | F61: =E61*D61 -> 0 | G61: =F61/C61*I12 -> 0
B62: Filtro de combustível (UN) | C62: 60000 | D62: 1 | E62: 0 | F62: =E62*D62 -> 0 | G62: =F62/C62*I12 -> 0
B63: Filtro do ar (UN) | C63: 20000 | D63: 1 | E63: 0 | F63: =E63*D63 -> 0 | G63: =F63/C63*I12 -> 0
B64: Pneus (UN) | C64: 25000 | D64: 4 | E64: 0 | F64: =E64*D64 -> 0 | G64: =F64/C64*I12 -> 0
B65: Disco tacógrafo | C65: cada 7 dias (3 un. mês) | D65: 1 | E65: 0 | F65: =E65*3 -> 0 | G65: =F65 -> 0
B66: TOTAL MENSAL | G66: =SUM(G53:G65) -> 0
B68: Quadro 2 - Despesas financeiras
B69: Item | C69: Taxa de uso | D69: Cota | E69: Valor | F69: Valor anual | G69: Valor mensal
C70: efetivo | D70: anual | E70: unitário (R$) | F70: (R$) | G70: (R$)
B71: Licenciamento | C71: 0 | D71: 1 | E71: 0 | F71: =E71 -> 0 | G71: =F71/12 -> 0
B72: DPVAT | C72: 0 | D72: 1 | E72: 0 | F72: 0 | G72: 0
B73: Aferição tacógrafo | C73: 0 | D73: 0.5 | E73: 0 | F73: =E73*D73 -> 0 | G73: =F73/12 -> 0
B74: Seguro | C74: 0 | D74: 1 | E74: 0 | F74: =E74 -> 0 | G74: =F74/12 -> 0
B75: Inspeção veícular | C75: 0 | D75: 2 | E75: 0 | F75: =E75*D75 -> 0 | G75: =F75/12 -> 0
B76: Depreciação anual | C76: =I33 -> 0.61875 | D76: 0.1 | E76: =E43 -> 0 | F76: =E76*D76*C76 -> 0 | G76: =F76/12 -> 0
B77: Remun. Cap. ( selic. 2,0%) | C77: =C76 -> 0.61875 | D77: 0.02 | E77: =E45 -> 0 | F77: =E77*D77*C77 -> 0 | G77: =F77/12 -> 0
B78: TOTAL MENSAL | G78: =SUM(G71:G77) -> 0
B80: Quadro 3 - Despesas com combustível | F80: Resumo despesas com veículo
B81: Preço p/ litro de combustível | D81: 0 | F81: Quadro 1 | G81: =G66 -> 0
B82: Consumo na cidade (km/L) | D82: 0 | F82: Quadro 2 | G82: =G78 -> 0
B83: Quantidade de litros (mês) | D83: 0 | F83: Quadro 3 | G83: =D84 -> 0
B84: TOTAL MENSAL | D84: 0 | F84: TOTAL (MÊS) | G84: =SUM(G81:G83) -> 0
B86: DADOS E CUSTOS COM MOTORISTA
B88: Dados dos Recursos Humanos
B89: CCT-SINDITRANS | D89: 2021/2022
B90: Data-Base | D90: 44571
B91: Salário base motorista | D91: 0
B92: Salário mínimo nacional | D92: 0
B93: Intervalo intrajornada | D93: 0.083333333 | E93: Máximo/dia | F93: 0.16666667
B94: Horas noturnas | D94: 0 | E94: Horas extras
B95: Vales | C95: Nº | D95: Valor | E95: Desconto
B96: Alimentação | C96: 20 | D96: 0 | E96: 0.0507
B97: Plano de saúde | C97: 1 | D97: 0 | E97: 0.2
B99: Percentuais por tipo de desligamento | F99: Quadro 1 - Composição da Remuneração
B100: Sem justa causa indenizado | D100: 0.09 | F100: Salário-Base | H100: =D91 -> 0
B101: Sem justa causa trabalhado | D101: 0.11 | F101: Adicional Noturno
B102: Com justa causa | D102: 0.05 | F102: Adicional de Hora Noturna Reduzida
B103: TOTAL | D103: 0.25 | F103: Reflexos do NA no DSR | H103: 0
F104: TOTAL MENSAL QUADRO 1 | H104: 0
B106: Quadro 2 - Encargos e Benefícios Anuais, Mensais e Diários
B107: 13º Salário e Adicional de Férias
B108: 13 º | D108: 0.0833 | E108: =H104*D108 -> 0
B109: Férias | D109: 0.0833 | E109: =H104*D109 -> 0
B110: Adicional de Férias | C110: 0.3333 | D110: 0.0833 | E110: =H104*C110*D110 -> 0
B111: Total | E111: =SUM(E108:E110) -> 0
B112: Encargos Previdenciários, (FGTS) e outras contribuições
B113: Base de cálculo | C113: =H104+E111 -> 0 | D113: % | E113: R$
B114: INSS | D114: 0.2 | E114: =C113*D114 -> 0
B115: Salário Educação | D115: 0.025 | E115: =C113*D115 -> 0
B116: SAT | D116: 0.03 | E116: =C113*D116 -> 0
B117: SESC ou SESI | D117: 0.015 | E117: =C113*D117 -> 0
...

Sheet Trajeto 5
C1: Planilha de Custos por km rodado
B4: TRAJETO 5
B7: DADOS DO TRAJETO
B9: Objeto: | D9: Trajeto 5 | F9: Total de Usuários: | I9: =28*3 -> 84
B10: Dias letivos no ano: | D10: 204 | F10: Quilometragem diária (km): | I10: =I12/I11 -> 92.636364
B11: Meses de Transporte: | D11: 10 | F11: Média de dias letivos mês: | I11: 22
B12: Média de dias letivos mês: | D12: 22 | F12: Quilometragem mensal (km): | I12: 2038
F13: Quilometragem anual (km): | I13: =I12*D11 -> 20380
B16: HORÁRIO
B18: Percurso diário | D18: Início | F18: Término | H18: Total (h)
B19: 1 - (ida - manhã) | D19: 0.25 | F19: 0.29166667 | H19: =F19-D19 -> 0.041666667
B20: 2 - (volta - manhã) | D20: 0.47916667 | F20: 0.52777778 | H20: =F20-D20 -> 0.048611111
B21: 3 - (ida - tarde) | D21: 0.70833333 | F21: 0.77083333 | H21: =F21-D21 -> 0.0625
B22: 4 - (volta - noite) | D22: 0.94791667 | F22: 0.98611111 | H22: =F22-D22 -> 0.038194444
H23: =F23-D23 -> 0
H24: =F24-D24 -> 0
B25: TOTAL ACUMULADO EFETIVO | H25: =SUM(H19:I24) -> 0.19097222 | L25: =60*4+35 -> 275
L26: =L25/60 -> 4.5833333
B27: Horas de percurso efetivo e disponível | G27: Taxa de uso efetivo
B28: Percurso efetivo (dia) | C28: Disponível (dia) | D28: Acumulado (dia) | G28: Horas mensais efetivo (h) | I28: =B34*22 -> 100.76
B29: =H19 -> 0.041666667 | D29: =C29+B29 -> 0.041666667 | G29: horas mensais disponível (h) | I29: =C34*22 -> 0
B30: =H20 -> 0.048611111 | D30: =C30+B30 -> 0.048611111 | G30: Total (Efetivo + Disponível) - (h) | I30: =I28+I29 -> 100.76
B31: =H21 -> 0.0625 | D31: =C31+B31 -> 0.0625 | G31: Máx. de horas mensais permitidas (h) | I31: 220
B32: =H22 -> 0.038194444 | D32: =C32+B32 -> 0.038194444 | G32: Descanso remunerado (25% do total) | I32: =I30*0.25 -> 25.19
B33: =H23 -> 0 | D33: =C33+B33 -> 0 | G33: Taxa de uso efetivo | I33: =((I30+I32)/I31) -> 0.5725
B34: 4.58 | D34: =SUM(B34:C34) -> 4.58
B36: DADOS E CUSTOS DO VEÍCULO
B38: Dados sobre o veículo de referência
B39: Média preços veiculo de 28 lugares
B40: Capacidade mínima | E40: 28
B41: Combustível | E41: diesel
B42: Ano Modelo | E42: 0
B43: Valor do Veículo | E43: 0
B44: Depreciação por ano (sobre o valor atual) | E44: 0.1
B45: Valor residual | E45: 0
B46: Vida útil adotada | E46: 0
B47: Idade do veículo | E47: 0
B48: Anos para a depreciação total | E48: 0
B50: Quadro 1 - Despesas com manutenção
C51: Periodicidade | D51: Consumo por | E51: Valor | F51: Valor total | G51: Valor mensal
C52: da troca (km) | D52: troca | E52: unitário (R$) | F52: por troca (R$) | G52: (R$)
B53: Manutenção | C53: 20000 | D53: 1 | E53: 0 | F53: =E53*D53 -> 0 | G53: =F53/C53*I12 -> 0
B54: óleo motor (L) | C54: 20000 | D54: 12 | E54: 0 | F54: =E54*D54 -> 0 | G54: =F54/C54*I12 -> 0
B55: filtro de óleo (UN) | C55: 20000 | D55: 1 | E55: 0 | F55: =E55*D55 -> 0 | G55: =F55/C55*I12 -> 0
B56: óleo diferencial traseiro | C56: 60000 | D56: 4 | E56: 0 | F56: =E56*D56 -> 0 | G56: =F56/C56*I13 -> 0
B57: óleo de trasmissão (L) | C57: 60000 | D57: 2 | E57: 0 | F57: =E57*D57 -> 0 | G57: =F57/C57*I12 -> 0
B58: óleo hidráulico (L) | C58: 40000 | D58: 2 | E58: 0 | F58: =E58*D58 -> 0 | G58: =F58/C58*I12 -> 0
B59: produto anticor./anticong. | C59: 80000 | D59: 6 | E59: 0 | F59: =D59*E59 -> 0 | G59: =F59/C59*I12 -> 0
B60: Sist. Arrefecimento (L)
B61: Fluído de freios (L) | C61: 20000 | D61: 2 | E61: 0 | F61: =E61*D61 -> 0 | G61: =F61/C61*I12 -> 0
B62: Filtro de combustível (UN) | C62: 60000 | D62: 1 | E62: 0 | F62: =E62*D62 -> 0 | G62: =F62/C62*I12 -> 0
B63: Filtro do ar (UN) | C63: 20000 | D63: 1 | E63: 0 | F63: =E63*D63 -> 0 | G63: =F63/C63*I12 -> 0
B64: Pneus (UN) | C64: 25000 | D64: 4 | E64: 0 | F64: =E64*D64 -> 0 | G64: =F64/C64*I12 -> 0
B65: Disco tacógrafo | C65: cada 7 dias (3 un. mês) | D65: 1 | E65: 0 | F65: =E65*3 -> 0 | G65: =F65 -> 0
B66: TOTAL MENSAL | G66: =SUM(G53:G65) -> 0
B68: Quadro 2 - Despesas financeiras
B69: Item | C69: Taxa de uso | D69: Cota | E69: Valor | F69: Valor anual | G69: Valor mensal
C70: efetivo | D70: anual | E70: unitário (R$) | F70: (R$) | G70: (R$)
B71: Licenciamento | C71: 0 | D71: 1 | E71: 0 | F71: =E71 -> 0 | G71: =F71/12 -> 0
B72: DPVAT | C72: 0 | D72: 1 | E72: 0 | F72: 0 | G72: 0
B73: Aferição tacógrafo | C73: 0 | D73: 0.5 | E73: 0 | F73: =E73*D73 -> 0 | G73: =F73/12 -> 0
B74: Seguro | C74: 0 | D74: 1 | E74: 0 | F74: =E74 -> 0 | G74: =F74/12 -> 0
B75: Inspeção veícular | C75: 0 | D75: 2 | E75: 0 | F75: =E75*D75 -> 0 | G75: =F75/12 -> 0
B76: Depreciação anual | C76: =I33 -> 0.5725 | D76: 0.1 | E76: =E43 -> 0 | F76: =E76*D76*C76 -> 0 | G76: =F76/12 -> 0
B77: Remun. Cap. ( selic. 2,0%) | C77: =C76 -> 0.5725 | D77: 0.02 | E77: =E45 -> 0 | F77: =E77*D77*C77 -> 0 | G77: =F77/12 -> 0
B78: TOTAL MENSAL | G78: =SUM(G71:G77) -> 0
B80: Quadro 3 - Despesas com combustível | F80: Resumo despesas com veículo
B81: Preço p/ litro de combustível | D81: 0 | F81: Quadro 1 | G81: =G66 -> 0
B82: Consumo na cidade (km/L) | D82: 0 | F82: Quadro 2 | G82: =G78 -> 0
B83: Quantidade de litros (mês) | D83: 0 | F83: Quadro 3 | G83: =D84 -> 0
B84: TOTAL MENSAL | D84: 0 | F84: TOTAL (MÊS) | G84: =SUM(G81:G83) -> 0
B86: DADOS E CUSTOS COM MOTORISTA
B88: Dados dos Recursos Humanos
B89: CCT-SINDITRANS | D89: 2021/2022
B90: Data-Base | D90: 44571
B91: Salário base motorista | D91: 0
B92: Salário mínimo nacional | D92: 0
B93: Intervalo intrajornada | D93: 0.083333333 | E93: Máximo/dia | F93: 0.16666667
B94: Horas noturnas | D94: 0 | E94: Horas extras
B95: Vales | C95: Nº | D95: Valor | E95: Desconto
B96: Alimentação | C96: 20 | D96: 0 | E96: 0.0507
B97: Plano de saúde | C97: 1 | D97: 0 | E97: 0.2
B99: Percentuais por tipo de desligamento | F99: Quadro 1 - Composição da Remuneração
B100: Sem justa causa indenizado | D100: 0.09 | F100: Salário-Base | H100: =D91 -> 0
B101: Sem justa causa trabalhado | D101: 0.11 | F101: Adicional Noturno
B102: Com justa causa | D102: 0.05 | F102: Adicional de Hora Noturna Reduzida
B103: TOTAL | D103: 0.25 | F103: Reflexos do NA no DSR | H103: 0
F104: TOTAL MENSAL QUADRO 1 | H104: =SUM(H100:H103) -> 0
B106: Quadro 2 - Encargos e Benefícios Anuais, Mensais e Diários
B107: 13º Salário e Adicional de Férias
B108: 13 º | D108: 0.0833 | E108: =H104*D108 -> 0
B109: Férias | D109: 0.0833 | E109: =H104*D109 -> 0
B110: Adicional de Férias | C110: 0.3333 | D110: 0.0833 | E110: =H104*C110*D110 -> 0
B111: Total | E111: =SUM(E108:E110) -> 0
B112: Encargos Previdenciários, (FGTS) e outras contribuições
B113: Base de cálculo | C113: =H104+E111 -> 0 | D113: % | E113: R$
B114: INSS | D114: 0.2 | E114: =C113*D114 -> 0
B115: Salário Educação | D115: 0.025 | E115: =C113*D115 -> 0
B116: SAT | D116: 0.03 | E116: =C113*D116 -> 0
B117: SESC ou SESI | D117: 0.015 | E117: =C113*D117 -> 0
...

Sheet Trajeto 6
C1: Planilha de Custos por km rodado
B4: TRAJETO 6
B7: DADOS DO TRAJETO
B9: Objeto: | D9: Trajeto 5 | F9: Total de Usuários: | I9: =28*3 -> 84
B10: Dias letivos no ano: | D10: 204 | F10: Quilometragem diária (km): | I10: =I12/I11 -> 66.43
B11: Meses de Transporte: | D11: 10 | F11: Média de dias letivos mês: | I11: 22
B12: Média de dias letivos mês: | D12: 22 | F12: Quilometragem mensal (km): | I12: 1461.46
F13: Quilometragem anual (km): | I13: =I12*D11 -> 14614.6
B16: HORÁRIO
B18: Percurso diário | D18: Início | F18: Término | H18: Total (h) | L18: =80/60 -> 1.3333333
B19: 1 - (ida - tarde) | D19: 0.76041667 | F19: 0.8125 | H19: =F19-D19 -> 0.052083333
B20: 2 - (volta - noite) | D20: 0.9375 | F20: 0.98611111 | H20: =F20-D20 -> 0.048611111
H21: =F21-D21 -> 0
H22: =F22-D22 -> 0
H23: =F23-D23 -> 0
H24: =F24-D24 -> 0
B25: TOTAL ACUMULADO EFETIVO | H25: =SUM(H19:I24) -> 0.10069444 | L25: =60*2+25 -> 145
L26: =L25/60 -> 2.4166667
B27: Horas de percurso efetivo e disponível | G27: Taxa de uso efetivo
B28: Percurso efetivo (dia) | C28: Disponível (dia) | D28: Acumulado (dia) | G28: Horas mensais efetivo (h) | I28: =B34*22 -> 53.02
B29: =H19 -> 0.052083333 | C29: 0.027777778 | D29: =C29+B29 -> 0.079861111 | G29: horas mensais disponível (h) | I29: =C34*22 -> 29.26
B30: =H20 -> 0.048611111 | C30: 0.027777778 | D30: =C30+B30 -> 0.076388889 | G30: Total (Efetivo + Disponível) - (h) | I30: =I28+I29 -> 82.28
B31: =H21 -> 0 | D31: =C31+B31 -> 0 | G31: Máx. de horas mensais permitidas (h) | I31: 220
B32: =H22 -> 0 | D32: =C32+B32 -> 0 | G32: Descanso remunerado (25% do total) | I32: =I30*0.25 -> 20.57
B33: =H23 -> 0 | D33: =C33+B33 -> 0 | G33: Taxa de uso efetivo | I33: =((I30+I32)/I31) -> 0.4675
B34: 2.41 | C34: 1.33 | D34: =SUM(B34:C34) -> 3.74
B36: DADOS E CUSTOS DO VEÍCULO
B38: Dados sobre o veículo de referência
B39: Média preços veiculo de 28 lugares
B40: Capacidade mínima | E40: 28
B41: Combustível | E41: diesel
B42: Ano Modelo | E42: 0
B43: Valor do Veículo | E43: 0
B44: Depreciação por ano (sobre o valor atual) | E44: 0.1
B45: Valor residual | E45: =E43*0.9 -> 0
B46: Vida útil adotada | E46: 0
B47: Idade do veículo | E47: 0
B48: Anos para a depreciação total | E48: 0
B50: Quadro 1 - Despesas com manutenção
C51: Periodicidade | D51: Consumo por | E51: Valor | F51: Valor total | G51: Valor mensal
C52: da troca (km) | D52: troca | E52: unitário (R$) | F52: por troca (R$) | G52: (R$)
B53: Manutenção | C53: 20000 | D53: 1 | E53: 0 | F53: =E53*D53 -> 0 | G53: =F53/C53*I12 -> 0
B54: óleo motor (L) | C54: 20000 | D54: 12 | E54: 0 | F54: =E54*D54 -> 0 | G54: =F54/C54*I12 -> 0
B55: filtro de óleo (UN) | C55: 20000 | D55: 1 | E55: 0 | F55: =E55*D55 -> 0 | G55: =F55/C55*I12 -> 0
B56: óleo diferencial traseiro | C56: 60000 | D56: 4 | E56: 0 | F56: =E56*D56 -> 0 | G56: =F56/C56*I13 -> 0
B57: óleo de trasmissão (L) | C57: 60000 | D57: 2 | E57: 0 | F57: =E57*D57 -> 0 | G57: =F57/C57*I12 -> 0
B58: óleo hidráulico (L) | C58: 40000 | D58: 2 | E58: 0 | F58: =E58*D58 -> 0 | G58: =F58/C58*I12 -> 0
B59: produto anticor./anticong. | C59: 80000 | D59: 6 | E59: 0 | F59: =D59*E59 -> 0 | G59: =F59/C59*I12 -> 0
B60: Sist. Arrefecimento (L)
B61: Fluído de freios (L) | C61: 20000 | D61: 2 | E61: 0 | F61: =E61*D61 -> 0 | G61: =F61/C61*I12 -> 0
B62: Filtro de combustível (UN) | C62: 60000 | D62: 1 | E62: 0 | F62: =E62*D62 -> 0 | G62: =F62/C62*I12 -> 0
B63: Filtro do ar (UN) | C63: 20000 | D63: 1 | E63: 0 | F63: =E63*D63 -> 0 | G63: =F63/C63*I12 -> 0
B64: Pneus (UN) | C64: 25000 | D64: 4 | E64: 0 | F64: =E64*D64 -> 0 | G64: =F64/C64*I12 -> 0
B65: Disco tacógrafo | C65: cada 7 dias (3 un. mês) | D65: 1 | E65: 0 | F65: =E65*3 -> 0 | G65: =F65 -> 0
B66: TOTAL MENSAL | G66: =SUM(G53:G65) -> 0
B68: Quadro 2 - Despesas financeiras
B69: Item | C69: Taxa de uso | D69: Cota | E69: Valor | F69: Valor anual | G69: Valor mensal
C70: efetivo | D70: anual | E70: unitário (R$) | F70: (R$) | G70: (R$)
B71: Licenciamento | C71: 0 | D71: 1 | E71: 0 | F71: =E71 -> 0 | G71: =F71/12 -> 0
B72: DPVAT | C72: 0 | D72: 1 | E72: 0 | F72: 0 | G72: 0
B73: Aferição tacógrafo | C73: 0 | D73: 0.5 | E73: 0 | F73: =E73*D73 -> 0 | G73: =F73/12 -> 0
B74: Seguro | C74: 0 | D74: 1 | E74: 0 | F74: =E74 -> 0 | G74: =F74/12 -> 0
B75: Inspeção veícular | C75: 0 | D75: 2 | E75: 0 | F75: =E75*D75 -> 0 | G75: =F75/12 -> 0
B76: Depreciação anual | C76: =I33 -> 0.4675 | D76: 0.1 | E76: =E43 -> 0 | F76: =E76*D76*C76 -> 0 | G76: =F76/12 -> 0
B77: Remun. Cap. ( selic. 2,0%) | C77: =C76 -> 0.4675 | D77: 0.02 | E77: =E45 -> 0 | F77: =E77*D77*C77 -> 0 | G77: =F77/12 -> 0
B78: TOTAL MENSAL | G78: =SUM(G71:G77) -> 0
B80: Quadro 3 - Despesas com combustível | F80: Resumo despesas com veículo
B81: Preço p/ litro de combustível | D81: 0 | F81: Quadro 1 | G81: =G66 -> 0
B82: Consumo na cidade (km/L) | D82: 0 | F82: Quadro 2 | G82: =G78 -> 0
B83: Quantidade de litros (mês) | D83: 0 | F83: Quadro 3 | G83: =D84 -> 0
B84: TOTAL MENSAL | D84: =D83*D81 -> 0 | F84: TOTAL (MÊS) | G84: =SUM(G81:G83) -> 0
B86: DADOS E CUSTOS COM MOTORISTA
B88: Dados dos Recursos Humanos
B89: CCT-SINDITRANS | D89: 2021/2022
B90: Data-Base | D90: 44571
B91: Salário base motorista | D91: 0
B92: Salário mínimo nacional | D92: 0
B93: Intervalo intrajornada | D93: 0.083333333 | E93: Máximo/dia | F93: 0.16666667
B94: Horas noturnas | D94: 0 | E94: Horas extras
B95: Vales | C95: Nº | D95: Valor | E95: Desconto
B96: Alimentação | C96: 20 | D96: 0 | E96: 0.0507
B97: Plano de saúde | C97: 1 | D97: 0 | E97: 0.2
B99: Percentuais por tipo de desligamento | F99: Quadro 1 - Composição da Remuneração
B100: Sem justa causa indenizado | D100: 0.09 | F100: Salário-Base | H100: =D91 -> 0
B101: Sem justa causa trabalhado | D101: 0.11 | F101: Adicional Noturno
B102: Com justa causa | D102: 0.05 | F102: Adicional de Hora Noturna Reduzida
B103: TOTAL | D103: 0.25 | F103: Reflexos do NA no DSR | H103: 0
F104: TOTAL MENSAL QUADRO 1 | H104: 0
B106: Quadro 2 - Encargos e Benefícios Anuais, Mensais e Diários
B107: 13º Salário e Adicional de Férias
B108: 13 º | D108: 0.0833 | E108: =H104*D108 -> 0
B109: Férias | D109: 0.0833 | E109: =H104*D109 -> 0
B110: Adicional de Férias | C110: 0.3333 | D110: 0.0833 | E110: =H104*C110*D110 -> 0
B111: Total | E111: =SUM(E108:E110) -> 0
B112: Encargos Previdenciários, (FGTS) e outras contribuições
B113: Base de cálculo | C113: =H104+E111 -> 0 | D113: % | E113: R$
B114: INSS | D114: 0.2 | E114: =C113*D114 -> 0
B115: Salário Educação | D115: 0.025 | E115: =C113*D115 -> 0
B116: SAT | D116: 0.03 | E116: =C113*D116 -> 0
B117: SESC ou SESI | D117: 0.015 | E117: =C113*D117 -> 0
...

Sheet Trajeto 7
C1: Planilha de Custos por km rodado
B4: TRAJETO 7
B7: DADOS DO TRAJETO
B9: Objeto: | D9: Trajeto 5 | F9: Total de Usuários: | I9: =28*3 -> 84
B10: Dias letivos no ano: | D10: 204 | F10: Quilometragem diária (km): | I10: =I12/I11 -> 88.218182
B11: Meses de Transporte: | D11: 10 | F11: Média de dias letivos mês: | I11: 22
B12: Média de dias letivos mês: | D12: 22 | F12: Quilometragem mensal (km): | I12: 1940.8
F13: Quilometragem anual (km): | I13: =I12*D11 -> 19408
B16: HORÁRIO
B18: Percurso diário | D18: Início | F18: Término | H18: Total (h)
B19: 1 - (ida - manhã) | D19: 0.26388889 | F19: 0.30555556 | H19: =F19-D19 -> 0.041666667
B20: 2 - (volta - manhã) | D20: 0.47916667 | F20: 0.54166667 | H20: =F20-D20 -> 0.0625 | L20: =4*60+40 -> 280
B21: 3 - (ida - tarde) | H21: =F21-D21 -> 0
B22: 4 - (volta - tarde) | H22: =F22-D22 -> 0
B23: 5 - (ida - noite) | D23: 0.70833333 | F23: 0.76041667 | H23: =F23-D23 -> 0.052083333
B24: 6 - (volta - noite) | D24: 0.94791667 | F24: 0.98611111 | H24: =F24-D24 -> 0.038194444
B25: TOTAL ACUMULADO EFETIVO | H25: =SUM(H19:I24) -> 0.19444444 | L25: 280
L26: =L25/60 -> 4.6666667
B27: Horas de percurso efetivo e disponível | G27: Taxa de uso efetivo
B28: Percurso efetivo (dia) | C28: Disponível (dia) | D28: Acumulado (dia) | G28: Horas mensais efetivo (h) | I28: =B34*22 -> 102.66667
B29: =H19 -> 0.041666667 | D29: =C29+B29 -> 0.041666667 | G29: horas mensais disponível (h) | I29: =C34*22 -> 0
B30: =H20 -> 0.0625 | D30: =C30+B30 -> 0.0625 | G30: Total (Efetivo + Disponível) - (h) | I30: =I28+I29 -> 102.66667
B31: =H21 -> 0 | D31: =C31+B31 -> 0 | G31: Máx. de horas mensais permitidas (h) | I31: 220
B32: =H22 -> 0 | D32: =C32+B32 -> 0 | G32: Descanso remunerado (25% do total) | I32: =I30*0.25 -> 25.666667
B33: =H23 -> 0.052083333 | D33: =C33+B33 -> 0.052083333 | G33: Taxa de uso efetivo | I33: =((I30+I32)/I31) -> 0.58333333
B34: =L26 -> 4.6666667 | D34: =SUM(B34:C34) -> 4.6666667
B36: DADOS E CUSTOS DO VEÍCULO
B38: Dados sobre o veículo de referência
B39: Média preços veiculo de 28 lugares
B40: Capacidade mínima | E40: 28
B41: Combustível | E41: diesel
B42: Ano Modelo | E42: 0
B43: Valor do Veículo | E43: 0
B44: Depreciação por ano (sobre o valor atual) | E44: 0.1
B45: Valor residual | E45: =E43*0.9 -> 0
B46: Vida útil adotada | E46: 0
B47: Idade do veículo | E47: 0
B48: Anos para a depreciação total | E48: 0
B50: Quadro 1 - Despesas com manutenção
C51: Periodicidade | D51: Consumo por | E51: Valor | F51: Valor total | G51: Valor mensal
C52: da troca (km) | D52: troca | E52: unitário (R$) | F52: por troca (R$) | G52: (R$)
B53: Manutenção | C53: 20000 | D53: 1 | E53: 0 | F53: =E53*D53 -> 0 | G53: =F53/C53*I12 -> 0
B54: óleo motor (L) | C54: 20000 | D54: 12 | E54: 0 | F54: =E54*D54 -> 0 | G54: =F54/C54*I12 -> 0
B55: filtro de óleo (UN) | C55: 20000 | D55: 1 | E55: 0 | F55: =E55*D55 -> 0 | G55: =F55/C55*I12 -> 0
B56: óleo diferencial traseiro | C56: 60000 | D56: 4 | E56: 0 | F56: =E56*D56 -> 0 | G56: =F56/C56*I13 -> 0
B57: óleo de trasmissão (L) | C57: 60000 | D57: 2 | E57: 0 | F57: =E57*D57 -> 0 | G57: =F57/C57*I12 -> 0
B58: óleo hidráulico (L) | C58: 40000 | D58: 2 | E58: 0 | F58: =E58*D58 -> 0 | G58: =F58/C58*I12 -> 0
B59: produto anticor./anticong. | C59: 80000 | D59: 6 | E59: 0 | F59: =D59*E59 -> 0 | G59: =F59/C59*I12 -> 0
B60: Sist. Arrefecimento (L)
B61: Fluído de freios (L) | C61: 20000 | D61: 2 | E61: 0 | F61: =E61*D61 -> 0 | G61: =F61/C61*I12 -> 0
B62: Filtro de combustível (UN) | C62: 60000 | D62: 1 | E62: 0 | F62: =E62*D62 -> 0 | G62: =F62/C62*I12 -> 0
B63: Filtro do ar (UN) | C63: 20000 | D63: 1 | E63: 0 | F63: =E63*D63 -> 0 | G63: =F63/C63*I12 -> 0
B64: Pneus (UN) | C64: 25000 | D64: 4 | E64: 0 | F64: =E64*D64 -> 0 | G64: =F64/C64*I12 -> 0
B65: Disco tacógrafo | C65: cada 7 dias (3 un. mês) | D65: 1 | E65: 0 | F65: =E65*3 -> 0 | G65: =F65 -> 0
B66: TOTAL MENSAL | G66: =SUM(G53:G65) -> 0
B68: Quadro 2 - Despesas financeiras
B69: Item | C69: Taxa de uso | D69: Cota | E69: Valor | F69: Valor anual | G69: Valor mensal
C70: efetivo | D70: anual | E70: unitário (R$) | F70: (R$) | G70: (R$)
B71: Licenciamento | C71: 0 | D71: 1 | E71: 0 | F71: =E71 -> 0 | G71: =F71/12 -> 0
B72: DPVAT | C72: 0 | D72: 1 | E72: 0 | F72: 0 | G72: 0
B73: Aferição tacógrafo | C73: 0 | D73: 0.5 | E73: 0 | F73: =E73*D73 -> 0 | G73: =F73/12 -> 0
B74: Seguro | C74: 0 | D74: 1 | E74: 0 | F74: =E74 -> 0 | G74: =F74/12 -> 0
B75: Inspeção veícular | C75: 0 | D75: 2 | E75: 0 | F75: =E75*D75 -> 0 | G75: =F75/12 -> 0
B76: Depreciação anual | C76: =I33 -> 0.58333333 | D76: 0.1 | E76: =E43 -> 0 | F76: =E76*D76*C76 -> 0 | G76: =F76/12 -> 0
B77: Remun. Cap. ( selic. 2,0%) | C77: =C76 -> 0.58333333 | D77: 0.02 | E77: =E45 -> 0 | F77: =E77*D77*C77 -> 0 | G77: =F77/12 -> 0
B78: TOTAL MENSAL | G78: =SUM(G71:G77) -> 0
B80: Quadro 3 - Despesas com combustível | F80: Resumo despesas com veículo
B81: Preço p/ litro de combustível | D81: 0 | F81: Quadro 1 | G81: =G66 -> 0
B82: Consumo na cidade (km/L) | D82: 0 | F82: Quadro 2 | G82: =G78 -> 0
B83: Quantidade de litros (mês) | D83: 0 | F83: Quadro 3 | G83: =D84 -> 0
B84: TOTAL MENSAL | D84: 0 | F84: TOTAL (MÊS) | G84: =SUM(G81:G83) -> 0
B86: DADOS E CUSTOS COM MOTORISTA
B88: Dados dos Recursos Humanos
B89: CCT-SINDITRANS | D89: 2021/2022
B90: Data-Base | D90: 44571
B91: Salário base motorista | D91: 0
B92: Salário mínimo nacional | D92: 0
B93: Intervalo intrajornada | D93: 0.083333333 | E93: Máximo/dia | F93: 0.16666667
B94: Horas noturnas | D94: 0 | E94: Horas extras
B95: Vales | C95: Nº | D95: Valor | E95: Desconto
B96: Alimentação | C96: 20 | D96: 0 | E96: 0.0507
B97: Plano de saúde | C97: 1 | D97: 0 | E97: 0.2
B99: Percentuais por tipo de desligamento | F99: Quadro 1 - Composição da Remuneração
B100: Sem justa causa indenizado | D100: 0.09 | F100: Salário-Base | H100: =D91 -> 0
B101: Sem justa causa trabalhado | D101: 0.11 | F101: Adicional Noturno
B102: Com justa causa | D102: 0.05 | F102: Adicional de Hora Noturna Reduzida
B103: TOTAL | D103: 0.25 | F103: Reflexos do NA no DSR | H103: 0
F104: TOTAL MENSAL QUADRO 1 | H104: 0
B106: Quadro 2 - Encargos e Benefícios Anuais, Mensais e Diários
B107: 13º Salário e Adicional de Férias
B108: 13 º | D108: 0.0833 | E108: =H104*D108 -> 0
B109: Férias | D109: 0.0833 | E109: =H104*D109 -> 0
B110: Adicional de Férias | C110: 0.3333 | D110: 0.0833 | E110: =H104*C110*D110 -> 0
B111: Total | E111: =SUM(E108:E110) -> 0
B112: Encargos Previdenciários, (FGTS) e outras contribuições
B113: Base de cálculo | C113: =H104+E111 -> 0 | D113: % | E113: R$
B114: INSS | D114: 0.2 | E114: =C113*D114 -> 0
B115: Salário Educação | D115: 0.025 | E115: =C113*D115 -> 0
B116: SAT | D116: 0.03 | E116: =C113*D116 -> 0
B117: SESC ou SESI | D117: 0.015 | E117: =C113*D117 -> 0
...

Sheet Trajeto 8
C1: Planilha de Custos por km rodado
B4: TRAJETO 8
B7: DADOS DO TRAJETO
B9: Objeto: | D9: Trajeto 5 | F9: Total de Usuários: | I9: 60
B10: Dias letivos no ano: | D10: 204 | F10: Quilometragem diária (km): | I10: =I12/I11 -> 49.585909
B11: Meses de Transporte: | D11: 10 | F11: Média de dias letivos mês: | I11: 22
B12: Média de dias letivos mês: | D12: 22 | F12: Quilometragem mensal (km): | I12: 1090.89
F13: Quilometragem anual (km): | I13: =I12*D11 -> 10908.9
B16: HORÁRIO
B18: Percurso diário | D18: Início | F18: Término | H18: Total (h)
B19: 1 - (ida - manhã) | D19: 0.27083333 | F19: 0.29166667 | H19: =F19-D19 -> 0.020833333
B20: 2 - (volta - manhã) | D20: 0.47916667 | F20: 0.52083333 | H20: =F20-D20 -> 0.041666667 | L20: =3*60+40 -> 220
B21: 3 - (ida - tarde) | H21: =F21-D21 -> 0
B22: 4 - (volta - tarde) | H22: =F22-D22 -> 0
B23: 5 - (ida - noite) | D23: 0.70833333 | F23: 0.76041667 | H23: =F23-D23 -> 0.052083333
B24: 6 - (volta - noite) | D24: 0.94791667 | F24: 0.98611111 | H24: =F24-D24 -> 0.038194444
B25: TOTAL ACUMULADO EFETIVO | H25: =SUM(H19:I24) -> 0.15277778 | L25: =L20 -> 220
L26: =L25/60 -> 3.6666667
B27: Horas de percurso efetivo e disponível | G27: Taxa de uso efetivo
B28: Percurso efetivo (dia) | C28: Disponível (dia) | D28: Acumulado (dia) | G28: Horas mensais efetivo (h) | I28: =B34*22 -> 80.666667
B29: =H19 -> 0.020833333 | C29: 0.010416667 | D29: =C29+B29 -> 0.03125 | G29: horas mensais disponível (h) | I29: =C34*22 -> 11
B30: =H20 -> 0.041666667 | C30: 0.010416667 | D30: =C30+B30 -> 0.052083333 | G30: Total (Efetivo + Disponível) - (h) | I30: =I28+I29 -> 91.666667
B31: =H21 -> 0 | D31: =C31+B31 -> 0 | G31: Máx. de horas mensais permitidas (h) | I31: 220
B32: =H22 -> 0 | D32: =C32+B32 -> 0 | G32: Descanso remunerado (25% do total) | I32: =I30*0.25 -> 22.916667
B33: =H23 -> 0.052083333 | D33: =C33+B33 -> 0.052083333 | G33: Taxa de uso efetivo | I33: =((I30+I32)/I31) -> 0.52083333
B34: =L26 -> 3.6666667 | C34: 0.5 | D34: =SUM(B34:C34) -> 4.1666667
B36: DADOS E CUSTOS DO VEÍCULO
B38: Dados sobre o veículo de referência
B39: Média preços veiculo de 15 lugares
B40: Capacidade mínima | E40: 15
B41: Combustível | E41: diesel
B42: Ano Modelo | E42: 0
B43: Valor do Veículo | E43: 0
B44: Depreciação por ano (sobre o valor atual) | E44: 0.1
B45: Valor residual | E45: 0
B46: Vida útil adotada | E46: 0
B47: Idade do veículo | E47: 0
B48: Anos para a depreciação total | E48: 0
B50: Quadro 1 - Despesas com manutenção
C51: Periodicidade | D51: Consumo por | E51: Valor | F51: Valor total | G51: Valor mensal
C52: da troca (km) | D52: troca | E52: unitário (R$) | F52: por troca (R$) | G52: (R$)
B53: Manutenção | C53: 20000 | D53: 1 | E53: 0 | F53: =E53*D53 -> 0 | G53: =F53/C53*I12 -> 0
B54: óleo motor (L) | C54: 20000 | D54: 12 | E54: 0 | F54: =E54*D54 -> 0 | G54: =F54/C54*I12 -> 0
B55: filtro de óleo (UN) | C55: 20000 | D55: 1 | E55: 0 | F55: =E55*D55 -> 0 | G55: =F55/C55*I12 -> 0
B56: óleo diferencial traseiro | C56: 60000 | D56: 4 | E56: 0 | F56: =E56*D56 -> 0 | G56: =F56/C56*I13 -> 0
B57: óleo de trasmissão (L) | C57: 60000 | D57: 2 | E57: 0 | F57: =E57*D57 -> 0 | G57: =F57/C57*I12 -> 0
B58: óleo hidráulico (L) | C58: 40000 | D58: 2 | E58: 0 | F58: =E58*D58 -> 0 | G58: =F58/C58*I12 -> 0
B59: produto anticor./anticong. | C59: 80000 | D59: 6 | E59: 0 | F59: =D59*E59 -> 0 | G59: =F59/C59*I12 -> 0
B60: Sist. Arrefecimento (L)
B61: Fluído de freios (L) | C61: 20000 | D61: 2 | E61: 0 | F61: =E61*D61 -> 0 | G61: =F61/C61*I12 -> 0
B62: Filtro de combustível (UN) | C62: 60000 | D62: 1 | E62: 0 | F62: =E62*D62 -> 0 | G62: =F62/C62*I12 -> 0
B63: Filtro do ar (UN) | C63: 20000 | D63: 1 | E63: 0 | F63: =E63*D63 -> 0 | G63: =F63/C63*I12 -> 0
B64: Pneus (UN) | C64: 25000 | D64: 4 | E64: 0 | F64: =E64*D64 -> 0 | G64: =F64/C64*I12 -> 0
B65: Disco tacógrafo | C65: cada 7 dias (3 un. mês) | D65: 1 | E65: 0 | F65: =E65*3 -> 0 | G65: =F65 -> 0
B66: TOTAL MENSAL | G66: =SUM(G53:G65) -> 0
B68: Quadro 2 - Despesas financeiras
B69: Item | C69: Taxa de uso | D69: Cota | E69: Valor | F69: Valor anual | G69: Valor mensal
C70: efetivo | D70: anual | E70: unitário (R$) | F70: (R$) | G70: (R$)
B71: Licenciamento | C71: 0 | D71: 1 | E71: 0 | F71: =E71 -> 0 | G71: =F71/12 -> 0
B72: DPVAT | C72: 0 | D72: 1 | E72: 0 | F72: 0 | G72: 0
B73: Aferição tacógrafo | C73: 0 | D73: 0.5 | E73: 0 | F73: =E73*D73 -> 0 | G73: =F73/12 -> 0
B74: Seguro | C74: 0 | D74: 1 | E74: 0 | F74: =E74 -> 0 | G74: =F74/12 -> 0
B75: Inspeção veícular | C75: 0 | D75: 2 | E75: 0 | F75: =E75*D75 -> 0 | G75: =F75/12 -> 0
B76: Depreciação anual | C76: =I33 -> 0.52083333 | D76: 0.1 | E76: =E43 -> 0 | F76: =E76*D76*C76 -> 0 | G76: =F76/12 -> 0
B77: Remun. Cap. ( selic. 2,0%) | C77: =C76 -> 0.52083333 | D77: 0.02 | E77: =E45 -> 0 | F77: =E77*D77*C77 -> 0 | G77: =F77/12 -> 0
B78: TOTAL MENSAL | G78: =SUM(G71:G77) -> 0
B80: Quadro 3 - Despesas com combustível | F80: Resumo despesas com veículo
B81: Preço p/ litro de combustível | D81: 0 | F81: Quadro 1 | G81: =G66 -> 0
B82: Consumo na cidade (km/L) | D82: 0 | F82: Quadro 2 | G82: =G78 -> 0
B83: Quantidade de litros (mês) | D83: 0 | F83: Quadro 3 | G83: =D84 -> 0
B84: TOTAL MENSAL | D84: 0 | F84: TOTAL (MÊS) | G84: =SUM(G81:G83) -> 0
B86: DADOS E CUSTOS COM MOTORISTA
B88: Dados dos Recursos Humanos
B89: CCT-SINDITRANS | D89: 2021/2022
B90: Data-Base | D90: 44571
B91: Salário base motorista | D91: 0
B92: Salário mínimo nacional | D92: 0
B93: Intervalo intrajornada | D93: 0.083333333 | E93: Máximo/dia | F93: 0.16666667
B94: Horas noturnas | D94: 0 | E94: Horas extras
B95: Vales | C95: Nº | D95: Valor | E95: Desconto
B96: Alimentação | C96: 20 | D96: 0 | E96: 0.0507
B97: Plano de saúde | C97: 1 | D97: 0 | E97: 0.2
B99: Percentuais por tipo de desligamento | F99: Quadro 1 - Composição da Remuneração
B100: Sem justa causa indenizado | D100: 0.09 | F100: Salário-Base | H100: =D91 -> 0
B101: Sem justa causa trabalhado | D101: 0.11 | F101: Adicional Noturno
B102: Com justa causa | D102: 0.05 | F102: Adicional de Hora Noturna Reduzida
B103: TOTAL | D103: 0.25 | F103: Reflexos do NA no DSR | H103: 0
F104: TOTAL MENSAL QUADRO 1 | H104: 0
B106: Quadro 2 - Encargos e Benefícios Anuais, Mensais e Diários
B107: 13º Salário e Adicional de Férias
B108: 13 º | D108: 0.0833 | E108: =H104*D108 -> 0
B109: Férias | D109: 0.0833 | E109: =H104*D109 -> 0
B110: Adicional de Férias | C110: 0.3333 | D110: 0.0833 | E110: =H104*C110*D110 -> 0
B111: Total | E111: =SUM(E108:E110) -> 0
B112: Encargos Previdenciários, (FGTS) e outras contribuições
B113: Base de cálculo | C113: =H104+E111 -> 0 | D113: % | E113: R$
B114: INSS | D114: 0.2 | E114: =C113*D114 -> 0
B115: Salário Educação | D115: 0.025 | E115: =C113*D115 -> 0
B116: SAT | D116: 0.03 | E116: =C113*D116 -> 0
B117: SESC ou SESI | D117: 0.015 | E117: =C113*D117 -> 0
...
